 Dungeon Crawl Stone Soup version 0.24-a0-251-g44e327e (webtiles) character file.

Game seed: 5073759946891854396

70 mhoghedin the Poker (level 4, -1/38 HPs)
             Began as a Centaur Gladiator on Apr 16, 2019.
             Splashed by Ijyb's acid (7 damage)
             ... on level 3 of the Dungeon.
             The game lasted 00:04:11 (2237 turns).

mhoghedin the Poker (Centaur Gladiator)             Turns: 2237, Time: 00:04:11

Health: -1/38      AC:  0    Str: 18      XL:     4   Next: 4%
Magic:  4/4        EV:  9    Int:  4 (7)  God:
Gold:   138        SH:  0    Dex:  7 (10) Spells: 3/3 levels left

rFire    + . .     SeeInvis .   a - +0 trident
rCold    + . .     Gourm    .   (no shield)
rNeg     + . .     Faith    .   b - +0 leather armour
rPois    +         Spirit   .   (helmet restricted)
rElec    +         Reflect  .   n - scarf {cloud immunity}
rCorr    +         Harm     .   (no gloves)
MR       .....     Rnd*Rage +   (no barding)
Stlth    ..........             (no amulet)
HPRegen  0.12/turn              (no ring)
MPRegen  0.09/turn              p - ring of positive energy {rN+}

@: resistant, corroded, very quick
A: large, antennae 1, hooves 3, berserk 1, deformed body, speed 2, tough skin 3
a: no special abilities


You were on level 3 of the Dungeon.
You were full.

You visited 1 branch of the dungeon, and saw 3 of its levels.

You collected 138 gold pieces.

Inventory:

Hand Weapons
 a - a +0 trident (weapon)
Missiles
 d - 3 throwing nets {=f, !d}
Armour
 b - a +0 leather armour (worn)
 c - a +0 helmet
 n - a scarf of cloud immunity (worn)
   (You found it on level 2 of the Dungeon)
Jewellery
 p - a ring of positive energy (right hand) {rN+}
   (You took it off a goblin on level 2 of the Dungeon)
 q - an uncursed ring of fire {rF+, rC-}
   (You found it on level 2 of the Dungeon)
Scrolls
 g - 6 scrolls of teleportation
 i - a scroll of fog
 j - a scroll of remove curse
Potions
 h - a potion of magic {unknown}
Comestibles
 f - 3 rations


   Skills:
 + Level 3.3 Fighting
 + Level 3.6 Polearms
 - Level 2.1 Throwing
 - Level 2.1 Dodging


You had 3 spell levels left.
You didn't know any spells.
Your spell library was empty.

Dungeon Overview and Level Annotations

Branches:
Dungeon (3/15)

Altars:
Ashenzari
Xom

Annotations:
D:3 Ijyb


Innate Abilities, Weirdness & Mutations

You have hooves in place of feet.
Armour fits poorly on your strangely shaped body.
You cover ground very quickly.
You have extremely tough skin. (AC +3)
You have a pair of small antennae on your head.
You tend to lose your temper in combat.


Message History

A bat comes into view.
The jackal bites you but does no damage.
The jackal bites you.
You take 1 damage, and have 30/31 hp.
You hit the jackal but do no damage.
Health restored: 31 You hit the jackal.
The jackal barely misses you.
You closely miss the jackal. You kick the jackal. The jackal barely misses you.
You barely miss the jackal. Your kick misses the jackal.
The jackal bites you but does no damage.
The jackal barely misses you.
You hit the jackal.
You kill the jackal!
You closely miss the jackal. The jackal barely misses you.
The jackal bites you but does no damage.
You hit the jackal but do no damage. Your kick misses the jackal.
The jackal bites you but does no damage.
You puncture the jackal!
You kill the jackal!
You feel your strength returning. The jackal bites you.
You take 2 damage, and have 29/31 hp.
You hit the jackal.
You kill the jackal!
You have reached level 4!
You feel stronger.
You regained 7 hp, and now have 36/38 hp.
MP restored: 4 You barely miss the jackal.
Your kick misses the jackal.
The jackal bites you but does no damage.
The jackal barely misses you.
You barely miss the jackal. The jackal barely misses you.
The jackal bites you but does no damage.
You closely miss the jackal. You kick the jackal.
You kill the jackal!
The bat hits you but does no damage. The bat closely misses you.
Things that are here:
a jackal corpse x2
You hit the bat.
You kill the bat!
No target in view!
No target in view!
No target in view!
No target in view!
No target in view!
No target in view!
No target in view!
No target in view!
No target in view!
No target in view!
No target in view!
No target in view!
No target in view!
No target in view!
No target in view!
You see here a bat corpse.
j - a scroll of remove curse Health restored: 38
Found a stone staircase leading down.
You now have 138 gold pieces (gained 9).
You open the door.
Ijyb the Twisted Goblin comes into view.
She is carrying a wand of acid (7).
Ijyb shouts!
Okay, then.
Unknown command.
Okay, then.
Unknown command.
Okay, then.
Unknown command.
You close the door.
Ijyb opens the door.
There is a stone staircase leading down here.
You start waiting.
Ijyb is too close now for your liking.
You hit Ijyb.
Ijyb zaps a wand.
The bolt of acid misses you.
Unknown command.
You closely miss Ijyb. Ijyb closely misses you.
You hit Ijyb. Your kick misses Ijyb.
Ijyb zaps a wand.
The bolt of acid hits you!
You are splashed with acid!
Ijyb misses you.
You take 24 damage, and have 14/38 hp.
MASSIVE DAMAGE!!
Okay, then.
It was a potion of resistance.
You feel protected. Ijyb barely misses you.
Unknown command.
You puncture Ijyb! Ijyb barely misses you.
You barely miss Ijyb. Ijyb closely misses you.
You closely miss Ijyb. Ijyb hits you.
You take 1 damage, and have 14/38 hp.
You hit Ijyb but do no damage. Your kick misses Ijyb.
Ijyb zaps a wand.
The bolt of acid hits you! You resist.
* * * LOW HITPOINT WARNING * * *
The acid corrodes you!
You are splashed with acid!
You resist.
You die...

#.>..# ##.###
#.# #.# #.# #.#
#.#
#.#############
#.g@..........#
#############.#
#.# #.# #.# #†#
#†# #<# ###


You could see Ijyb.

Vanquished Creatures
  2 adders (D:2)
  2 dart slugs
  A leopard gecko (D:1)
  A giant cockroach (D:1)
  3 goblins
  5 hobgoblins
  11 jackals
  2 quokkas (D:2)
  5 bats
  3 frilled lizards
  2 kobolds (D:2)
  7 rats
44 creatures vanquished.

Notes
Turn   | Place    | Note
-------+----------+-------------------------------------------
     0 | D:1      | mhoghedin the Centaur Gladiator began the quest for the
                  | Orb.
     0 | D:1      | Reached XP level 1. HP: 17/17 MP: 1/1
   142 | D:1      | Reached skill level 3 in Polearms
   142 | D:1      | Reached XP level 2. HP: 21/25 MP: 2/2
   715 | D:2      | Found a shattered altar of Ashenzari.
   905 | D:2      | Reached XP level 3. HP: 28/30 MP: 3/3
  1017 | D:2      | Reached skill level 3 in Fighting
  1166 | D:2      | Noticed an ice beast
  1181 | D:2      | HP: 7/31 [adder (3)]
  1186 | D:2      | HP: 5/31 [poisoned by an adder]
  1193 | D:2      | HP: 4/31 [poisoned by an adder]
  1203 | D:2      | HP: 2/31 [poisoned by an adder]
  1209 | D:2      | HP: 2/31 [poisoned by an adder]
  1214 | D:2      | HP: 1/31 [poisoned by an adder]
  1521 | D:2      | Gained mutation: You are weak. (Str -2) [potion of
                  | mutation]
  1521 | D:2      | Gained mutation: You tend to lose your temper in combat.
                  | [potion of mutation]
  1521 | D:2      | Gained mutation: You have a pair of small antennae on your
                  | head. [potion of mutation]
  1521 | D:2      | Lost mutation: You are weak. (Str -2) [potion of mutation]
  1862 | D:2      | Found a shimmering altar of Xom.
  2156 | D:3      | Reached XP level 4. HP: 36/38 MP: 4/4
  2200 | D:3      | Noticed Ijyb
  2237 | D:3      | HP: 6/38 [Ijyb/wand of acid (5) (8)]
  2237 | D:3      | Splashed by Ijyb's acid

Levels and vault maps discovered:
D:1:      dpeg_arrival_signposts, layout_basic, minmay_statues_item
D:2:      layout_loops_corners, lemuel_crystal_altar,
          nicolae_ashenzari_panopticon, hangedman_decor_clover_reticule
D:3:      layout_basic, amethyst_overflow_temple_binary, uniq_ijyb

Skill      XL: |  1  2  3 |
---------------+----------+-----
Polearms       | 3 |  3.6
Fighting       | 3 |  3.3
Throwing       | |  2.1
Dodging        | |  2.1

Action                   |  1- 3 |  4- 6 || total
-------------------------+-------+-------++-------
Melee: Trident           |   119 |    11 ||   130
       Kick              |    16 |     1 ||    17
  Use: Potion            |     5 |     1 ||     6
       Scroll            |     4 |       ||     4
  Eat: Ration            |     2 |       ||     2
Armor: Leather armour    |    38 |     3 ||    41
Dodge: Dodged            |    43 |     9 ||    52

Table legend:
 A = Non-vault XP
 B = Vault XP
 C = Vault XP percentage of total XP
 D = Non-vault monster count
 E = Vault monster count
 F = Vault count percentage of total count
                 A         B        C        D         E       F
            +---------+---------+-------+---------+---------+-------
      Total |     101 |       0 |   0.0 |      44 |       0 |   0.0
            +---------+---------+-------+---------+---------+-------
        D:1 |      37 |       0 |   0.0 |      21 |       0 |   0.0
        D:2 |      55 |       0 |   0.0 |      18 |       0 |   0.0
        D:3 |       9 |       0 |   0.0 |       5 |       0 |   0.0
            +---------+---------+-------+---------+---------+-------

Levels and vault maps discovered:
D:1:      dpeg_arrival_signposts, layout_basic, minmay_statues_item
D:2:      layout_loops_corners, lemuel_crystal_altar,
          nicolae_ashenzari_panopticon, hangedman_decor_clover_reticule
D:3:      layout_basic, amethyst_overflow_temple_binary, uniq_ijyb

Table legend:
 A = Turns spent in this place as a percentage of turns spent in the entire game.
 B = Non-inter-level travel turns spent in this place as a percentage of non-inter-level travel turns spent in the entire game.
 C = Inter-level travel turns spent in this place as a percentage of turns spent in this place.
 D = Turns resting spent in this place as a percentage of non-inter-level travel turns spent in this place.
 E = Turns spent auto-exploring this place as a percentage of non-inter-level travel turns spent in this place.
 F = Non-inter-level travel turns spent in this place divided by the number of levels of this place that you've seen.
                   A       B       C       D       E      F
               +-------+-------+-------+-------+-------+----------------------
         Total | 100.0 | 100.0 |   2.3 |  22.2 |  61.4 | 728.7
       Dungeon | 100.0 | 100.0 |   2.3 |  22.2 |  61.4 | 728.7
               +-------+-------+-------+-------+-------+----------------------

Table legend:
 A = Kills in this place as a percentage of kills in entire the game.
 B = Kills by you in this place as a percentage of kills by you in the entire game.
 C = Kills by friends in this place as a percentage of kills by friends in the entire game.
 D = Other kills in this place as a percentage of other kills in the entire game.
 E = Experience gained in this place as a percentage of experience gained in the entire game.
 F = Experience gained in this place divided by the number of levels of this place that you have seen.
                   A       B       C       D       E      F
               +-------+-------+-------+-------+-------+----------------------
         Total | 100.0 | 100.0 |   N/A |   N/A | 100.0 |  33.7
       Dungeon | 100.0 | 100.0 |   N/A |   N/A | 100.0 |  33.7
               +-------+-------+-------+-------+-------+----------------------
